 Dungeon Crawl Stone Soup version 0.28.0 (webtiles) character file.

Game seed: 15735826569011469832

1152 Ijustatesigmund the Cudgeller (level 8, 0/52 HPs)
             Began as a Gargoyle Fighter on Feb 9, 2022.
             Slain by a wyvern (10 damage)
             ... on level 4 of the Dungeon.
             The game lasted 00:09:51 (5001 turns).

Ijustatesigmund the Cudgeller (Gargoyle Fighter)    Turns: 5001, Time: 00:09:52

Health: 0/52       AC: 16    Str: 22      XL:     8   Next: 38%
Magic:  8/8        EV:  7    Int:  8 (9)  God:
Gold:   135        SH:  4    Dex:  9      Spells: 7/7 levels left

rFire   + . .      SeeInvis .   a - +0 flail
rCold   . . .      Faith    .   c - +0 buckler
rNeg    + . .      Spirit   .   b - +0 chain mail
rPois   ∞          Reflect  .   (no helmet)
rElec   +          Harm     .   p - +0 cloak
rCorr   .          Rampage  .   (no gloves)
Will    .....                   (no boots)
Stlth   ..........              (no amulet)
HPRegen 0.17/turn               h - ring of flight
MPRegen 0.11/turn               k - ring of protection from fire

@: flying
A: sickness immunity, AC +5, negative energy resistance 1, electricity
resistance, torment resistance 1, petrification resistance
a: no special abilities


You were on level 4 of the Dungeon.
You visited 1 branch of the dungeon, and saw 6 of its levels.

You collected 163 gold pieces.
You spent 28 gold pieces at shops.

Inventory:

Hand Weapons
 a - a +0 flail (weapon)
Armour
 b - a +0 chain mail (worn)
 c - a +0 buckler (worn)
 p - a +0 cloak (worn)
Jewellery
 h - a ring of flight (left hand)
 k - a ring of protection from fire (right hand)
Wands
 e - a wand of iceblast (9)
 l - a wand of mindburst (12)
Scrolls
 d - a scroll of magic mapping
Potions
 f - a potion of resistance
 g - a potion of mutation
 i - a potion of ambrosia
 m - a potion of curing
 o - a potion of degeneration


   Skills:
 + Level 6.9 Fighting
 + Level 7.5 Maces & Flails
 + Level 4.8 Armour
 - Level 3.2 Shields


You had 7 spell levels left.
You didn't know any spells.
Your spell library contained the following spells:

 Spells                   Type           Power      Damage    Failure   Level
 Beastly Appendage        Tmut           0%         N/A       99%         1
 Wereblood                Tmut           0%         N/A       100%        2
 Spider Form              Tmut/Pois      0%         N/A       100%        3


Dungeon Overview and Level Annotations

Branches:
Dungeon (6/15)             Temple (0/1) D:4

Altars:
Ru
Trog
The Shining One

Shops:
D:1 *[(


Innate Abilities, Weirdness & Mutations

You are immune to sickness and miasma.
Your stone body is resilient. (AC +5)
You are immune to poison.
You resist negative energy. (rN+)
You are resistant to electric shocks. (rElec)
You are resistant to unholy torment.
You are immune to petrification.


Message History

The bullfrog barely misses you. The wyvern barely misses you.
The scorpion barely misses you.
The bullfrog hits you but does no damage.
The wyvern bites you.
You fly upwards.
There is a stone staircase leading down here.
A dart slug comes into view.
The scorpion barely misses you. The dart slug launches a dart at you.
The slug dart misses you. The bullfrog hits you. The wyvern bites you. x2
The bullfrog barely misses you. The wyvern bites you!
You block the bullfrog's attack.
There is a stone staircase leading up here.
The wyvern bites you.
The orc suddenly roars.
The bullfrog hits you but does no damage.
The wyvern bites you.
You fly upwards.
There is a stone staircase leading down here.
You closely miss the wyvern.
The bullfrog hits you but does no damage.
You block the wyvern's attack. The bullfrog misses you.
The wyvern bites you but does no damage.
You hit the wyvern.
The wyvern is lightly wounded.
The bullfrog hits you but does no damage.
The wyvern bites you. The bullfrog barely misses you.
You closely miss the wyvern. The wyvern bites you!
* * * LOW HITPOINT WARNING * * *
The bullfrog closely misses you.
The wyvern bites you but does no damage.
You closely miss the wyvern.
The bullfrog hits you but does no damage.
The wyvern bites you!
* * * LOW HITPOINT WARNING * * *
The bullfrog barely misses you.
You feel better. The wyvern bites you!
You die...

.##.#........##.#
.##<##.).....##.## #######
.#..###)####.##..###.....#
....###.###..###.#.....#.##
..#.##...†..## #.#.#####..#
.##.##..##### #..##♣♣♣##.#
###.....## #..#♣...♣#.# #
###....# #..#♣.>..'.# #
##.).## ##@F#♣...♣###
#....# ##.l.##♣♣♣#
#..#.####....#
#..#...##..#.#
#..###.#..##.# #..#
#....##.# ## #..#
##..###.## .#
#..###.....#.[## .###
#..##...##.##<.#


You could see a wyvern and a bullfrog.

Vanquished Creatures
  A wyvern (D:4)
  A black bear (D:4)
  2 necrophages
  An ogre (D:4)
  A centaur (D:4)
  A phantom (D:4)
  A wyvern zombie (D:5)
  A centaur zombie (D:5)
  Crazy Yiuf (D:3)
  2 hounds (D:4)
  2 bullfrog skeletons
  Terence (D:4)
  2 orc wizards (D:4)
  11 adders
  A gnoll (D:4)
  3 adder skeletons
  A worm (D:3)
  3 dart slugs
  8 orcs
  3 endoplasms
  3 giant cockroaches
  7 hobgoblins
  3 jackals (D:2)
  2 kobolds (D:4)
  5 quokkas
  9 ball pythons
  7 bats
  11 goblins
  2 rats (D:2)
96 creatures vanquished.

Vanquished Creatures (collateral kills)
  A bat (D:2)
1 creature vanquished.

Vanquished Creatures (others)
  19 fungi (D:5)
19 creatures vanquished.

Grand Total: 116 creatures vanquished

Notes
Turn   | Place    | Note
-------+----------+-------------------------------------------
     0 | D:1      | Ijustatesigmund the Gargoyle Fighter began the quest for
                  | the Orb.
     0 | D:1      | Reached XP level 1. HP: 14/14 MP: 1/1
    43 | D:1      | Found Puedwov's Antique Weapon Shop.
   202 | D:1      | Found Hiohisif's Armour Shop.
   402 | D:1      | Reached XP level 2. HP: 14/19 MP: 2/2
   897 | D:1      | Found Suka's Assorted Antiques.
   905 | D:1      | Bought a scroll labelled HUISYR QASUGAS for 28 gold pieces
  1229 | D:2      | Reached skill level 3 in Maces & Flails
  1229 | D:2      | Reached XP level 3. HP: 17/24 MP: 3/3
  1444 | D:2      | Reached XP level 4. HP: 26/29 MP: 4/4
  1820 | D:2      | Found a sacrificial altar of Ru.
  2086 | D:2      | Reached skill level 4 in Maces & Flails
  2386 | D:3      | Reached XP level 5. HP: 34/34 MP: 5/5
  2840 | D:3      | Found a runed translucent door.
  2841 | D:3      | Noticed Crazy Yiuf
  2904 | D:3      | Noticed a black bear
  2904 | D:3      | Noticed Terence
  2932 | D:4      | Noticed a necrophage
  2947 | D:4      | Killed a necrophage
  2948 | D:4      | Reached skill level 5 in Maces & Flails
  2955 | D:4      | Reached XP level 6. HP: 29/40 MP: 6/6
  3104 | D:4      | Reached skill level 5 in Fighting
  3471 | D:4      | Reached skill level 6 in Maces & Flails
  3531 | D:4      | Found a staircase to the Ecumenical Temple.
  3582 | D:4      | You are sucked into a shaft and drop 2 floors!
  3594 | D:6      | Reached XP level 7. HP: 44/44 MP: 7/7
  3603 | D:5      | Entered Level 5 of the Dungeon
  3745 | D:4      | Found a glowing golden altar of the Shining One.
  3991 | D:4      | Killed Terence
  4125 | D:3      | Found a bloodstained altar of Trog.
  4259 | D:3      | Killed Crazy Yiuf
  4408 | D:5      | Reached skill level 7 in Maces & Flails
  4571 | D:5      | Noticed a wyvern
  4605 | D:4      | Reached XP level 8. HP: 36/52 MP: 8/8
  4720 | D:4      | Killed a wyvern
  4986 | D:6      | Noticed a wyvern
  5001 | D:4      | Slain by a wyvern

Illustrated notes

Levels and vault maps discovered:
D:1:      dpeg_arrival_signposts, layout_basic, serial_shops,
          nicolae_shop_trees, nicolae_shop_advertising_works
          [nicolae_subvault_shop_adworks], shop_fountains
D:2:      layout_loops_ring, basic_altar
D:3:      layout_basic, trog_book, chequers_garden, minivault_26,
          guppyfry_early_orc_mine, uniq_terence, uniq_crazy_yiuf_cottage
D:4:      layout_rooms, mainiacjoe_overflow_cross_hatched,
          minmay_temple_entry_enclosed_plants
D:5:      cheibrodos_fzero, layout_loops_ring, jmf_multi_god_temple2,
          serial_aquarium, aquarium_bridge_straight [aquarium_subvault_bridge,
          aquarium_subvault_wall, aquarium_subvault_bridge,
          aquarium_subvault_wall], aquarium_window_fake,
          aquarium_window_corridor_2, aquarium_window_1, aquarium_window_1,
          aquarium_view_2c, aquarium_view_2b, aquarium_balcony_double_1
D:6:      layout_cave_pools, hangedman_decor_points, kennysheep_path_1

Skill      XL: |  1  2  3  4  5  6  7 |
---------------+----------------------+-----
Maces & Flails | 3 4 5 6 7 |  7.5
Fighting       | 4 5 6 |  6.9
Armour         | 4 |  4.8
Shields        | |  3.2

Action                   |  1- 3 |  4- 6 |  7- 9 || total
-------------------------+-------+-------+-------++-------
Melee: Flail             |   136 |   249 |   124 ||   509
Evoke: Wand              |       |     3 |     1 ||     4
  Use: Scroll            |     4 |     8 |       ||    12
       Potion            |       |     2 |     6 ||     8
Armor: Scale mail        |    21 |       |       ||    21
       Chain mail        |   108 |   206 |   139 ||   453
       Skin              |       |       |    28 ||    28
Dodge: Dodged            |    61 |   104 |    65 ||   230
Block: Buckler           |    30 |    59 |    33 ||   122
